 Dungeon Crawl Stone Soup version 0.29-a0-1052-g6990b1bffc (webtiles) character file.

Game seed: 16752270744871901561

53 siradein the Chopper (level 3, 0/34 HPs)
             Began as a Hill Orc Monk on Aug 18, 2022.
             Slain by a gnoll
             ... wielding a +0 spear
              (2 damage)
             ... on level 2 of the Dungeon.
             The game lasted 00:04:45 (1948 turns).

siradein the Chopper (Hill Orc Monk)                Turns: 1948, Time: 00:04:45

Health: 0/34       AC:  5    Str: 15    XL:     3   Next: 89%
Magic:  3/3        EV: 11    Int: 10    God:
Gold:   95         SH:  0    Dex: 13    Spells: 2/2 levels left

rFire   . . .      SeeInvis .   a - +0 hand axe
rCold   . . .      Faith    .   (no shield)
rNeg    . . .      Spirit   .   m - +0 ring mail
rPois   +          Reflect  .   (no helmet)
rElec   .          Harm     .   (no cloak)
rCorr   .          Rampage  .   (no gloves)
Will    .....                   (no boots)
Stlth   +.........              (no amulet)
HPRegen 0.11/turn               h - ring of poison resistance
MPRegen 0.08/turn               (no ring)

@: no status effects
A: no striking features
a: no special abilities


You were on level 2 of the Dungeon.
You visited 1 branch of the dungeon, and saw 2 of its levels.

You collected 95 gold pieces.

Inventory:

Hand Weapons
 a - a +0 hand axe (weapon)
Armour
 m - a +0 ring mail (worn)
Jewellery
 h - a ring of poison resistance (left hand)
Scrolls
 e - a scroll of brand weapon {unknown}
 f - 4 scrolls of identify {unknown}
 j - a scroll of fear {unknown}
 k - a scroll of silence {unknown}
 l - a scroll of immolation {unknown}
Potions
 b - a potion of berserk rage {unknown}
 c - a potion of ambrosia
 d - a potion of cancellation {unknown}
 i - 2 potions of curing {unknown}


   Skills:
 + Level 4.6 Fighting
 + Level 5.1 Axes
 - Level 2.5 Dodging
 - Level 1.7 Stealth


You had 2 spell levels left.
You didn't know any spells.
Your spell library contained the following spells:

 Spells                   Type           Power      Damage    Failure   Level
 Foxfire                  Conj/Fire      0%         2x1d4     58%         1
 Conjure Flame            Conj/Fire      0%         6-21      92%         3
 Inner Flame              Hex/Fire       0%         N/A       92%         3
 Flame Wave               Conj/Fire      0%         2d4       100%        4


Dungeon Overview and Level Annotations

Branches:
Dungeon (2/15)

Altars:


Message History

The jackal misses you.
You closely miss the jackal.
The jackal is heavily wounded.
The jackal closely misses you.
The jackal bites you but does no damage.
You hit the jackal.
You kill the jackal!
No target in view!
No target in view!
The gnoll shouts!
You hear a shout!
You closely miss the gnoll.
The gnoll hits you with a +1 flail of holy wrath!
The gnoll hits you but does no damage.
You barely miss the gnoll. The gnoll barely misses you. The gnoll misses you.
The gnoll shouts!
You hit the gnoll.
The gnoll is moderately wounded.
The gnoll barely misses you. The gnoll misses you.
You hit the gnoll but do no damage.
The gnoll is moderately wounded.
The gnoll barely misses you.
The gnoll hits you from afar with a +0 spear.
You hit the gnoll.
The gnoll is severely wounded.
The gnoll barely misses you.
The gnoll hits you from afar with a +0 spear!
You are too injured to fight recklessly!
You are too injured to fight recklessly!
You are too injured to fight recklessly!
You barely miss the gnoll.
The gnoll is severely wounded.
The gnoll barely misses you.
The gnoll hits you from afar with a +0 spear.
* * * LOW HITPOINT WARNING * * *
You hit the gnoll.
The gnoll is severely wounded.
The gnoll hits you with a +1 flail of holy wrath!
* * * LOW HITPOINT WARNING * * *
The gnoll hits you from afar with a +0 spear.
You die...

##.......g...# #.#
#.# #.#####.#(#.##
#.# #.. #.#
#...#..# ##.# ##.
#.# ##...<.####.>#
##. ##.#
####g...##.##
#####.. #..#
#g#.รท...####.....#
#.##
#g#..#.##....#####
#.# #g##.#....####
#.# #@##.#....# #.#
#..#.#..#.### #.#
##.#.#<.#...# ##
#.#
##.#.#.####.#####.
##(# #####......#
#....##. #..#
#......#.#.#
####..#. ##.##
#.####.#...# ##...
#..# #.# #.#..##
###. #.## #.#
#.#### ###..


You could see 4 gnolls.

Vanquished Creatures
  An adder (D:2)
  2 worms
  3 endoplasms (D:1)
  A giant cockroach (D:2)
  2 goblins (D:1)
  6 hobgoblins
  4 jackals (D:2)
  A quokka (D:1)
  6 ball pythons
  6 bats
  A frilled lizard (D:1)
33 creatures vanquished.

Notes
Turn   | Place    | Note
-------+----------+-------------------------------------------
     0 | D:1      | siradein the Hill Orc Monk began the quest for the Orb.
     0 | D:1      | Reached XP level 1. HP: 19/19 MP: 1/1
    90 | D:1      | Reached XP level 2. HP: 22/27 MP: 2/2
   799 | D:1      | Reached XP level 3. HP: 12/33 MP: 3/3
  1661 | D:2      | Found a faded altar of an unknown god.
  1685 | D:2      | Reached skill level 5 in Axes
  1948 | D:2      | Slain by a gnoll

Illustrated notes

Levels and vault maps discovered:
D:1:      co_arrival_hall_of_pillars, layout_basic, minmay_tromino_v4_b
D:2:      layout_rooms, chequers_ecumenical_altar_simple, bh_walls_and_bars

Skill      XL: |  1  2  3 |
---------------+----------+-----
Fighting       | 4 |  4.6
Axes           | 5 |  5.1
Dodging        | |  2.5
Stealth        | |  1.7

Action                   || total
-------------------------++-------
Melee: Hand axe          ||   156
       Punch             ||     2
 Stab: Sleeping          ||     2
Armor: Robe              ||     5
       Leather armour    ||    33
       Ring mail         ||    11
Dodge: Dodged            ||   113

Table legend: (Time is in decaauts)
 A = Elapsed time spent in this place.
 B = Non-inter-level travel time spent in this place.
 C = Inter-level travel time spent in this place.
 D = Time resting spent in this place.
 E = Time spent auto-exploring this place.
 F = Levels seen in this place.
 G = Mean time per level.
                   A        B        C        D        E       F      G
               +--------+--------+--------+--------+--------+-----+--------+
         Total |   1958 |   1847 |    111 |      0 |   1479 |   2 |  979.0 |
       Dungeon |   1958 |   1847 |    111 |      0 |   1479 |   2 |  979.0 |
               +--------+--------+--------+--------+--------+-----+--------+

Top non-repeatable levels by time:
     D:1: 1156 daAuts
     D:2: 802 daAuts
